 Dungeon Crawl Stone Soup version 0.31-a0-691-g409c26aa35 (webtiles) character file.

Game seed: 18060341156678410623

138 Dordric the Changeling (level 5, 0/37 HPs)
             Began as a Demonspawn Shapeshifter on Sept 7, 2023.
             Succumbed to an adder's poison
             ... in a sewer.
             The game lasted 00:02:30 (2045 turns).

Dordric the Changeling (Demonspawn Shapeshifter)    Turns: 2045, Time: 00:02:31

Health: 0/37       AC:  2    Str: 14    XL:     5   Next: 1%
Magic:  5/5        EV: 12    Int: 11    God:
Gold:   214        SH:  5    Dex: 15    Spells: 4/4 levels left

rFire   . .          .
                       - Unarmed
rCold   . . .        (no shield)
rNeg    . . .        a - +0 animal skin
rPois   .            (helmet currently unavailable)
rElec   .            (cloak currently unavailable)
rCorr   .            (gloves currently unavailable)
SInv    .            (boots currently unavailable)
Will    .....        j - amulet of reflection
Stlth   +            k - ring of flight
HPRegen 0.26/turn    (no ring)
MPRegen 0.09/turn

%: reflection
@: mighty, lethally poisoned (0 -> -2), beast-form, flying, hasted, very quick
A: beast (slay +2), foul stench 2, spiny 1
a: Begin Untransformation


You were in a sewer.
You were a hulking beast.
You visited 1 branch of the dungeon, and saw 3 of its levels.
You also visited: Sewer.

You collected 214 gold pieces.

Inventory:

Missiles
 e - 3 datura-tipped darts
Armour
 a - a +0 animal skin (worn)
 h - a scarf of harm
Jewellery
 j - an amulet of reflection (around neck)
 k - a ring of flight (left hand)
Talismans
 c - a beast talisman (active)
 d - a flux talisman
Scrolls
 l - a scroll of vulnerability {unknown}
 n - a scroll of acquirement {unknown}
 o - a scroll of teleportation
Potions
 b - 2 potions of lignification
 g - 2 potions of might
 i - a potion of heal wounds {unknown}
 m - 4 potions of curing {unknown}


   Skills:
 - Level 1.0 Fighting
 - Level 1.7 Dodging
 - Level 2.6 Unarmed Combat
 + Level 4.9 Shapeshifting


You had 4 spell levels left.
You didn't know any spells.
Your spell library contained the following spells:

 Spells                   Type           Power      Damage    Failure   Level
 Dazzling Flash           Conj/Hex       0%         N/A       71%         3
 Volatile Blastmotes      Fire/Tloc      0%         2d10      71%         3
 Starburst                Conj/Fire      0%         6d3       100%        6
 Maxwell's Capacitive Co  Air            0%         ∞         100%        8


Dungeon Overview and Level Annotations

Branches:
Dungeon (3/15)              Sewer (1/1)

Altars:


Innate Abilities, Weirdness & Mutations

You are a hulking beast.
Your limbs bulge with bestial killing power. (Slay +2)
You sometimes emit foul miasma when damaged in melee.
You are partially covered in sharp spines.


Message History

You are electrocuted!
* * * LOW HITPOINT WARNING * * *
You emit a cloud of foul miasma!
You closely miss the kobold.
An adder comes into view.
The kobold is engulfed in dark miasma.
The kobold is poisoned.
The kobold is struck by your spines. The kobold closely misses you.
You closely miss the kobold.
The adder hisses angrily.
You punch the kobold.
The kobold is severely wounded.
You kill the kobold!
The rat bites the plant.
The plant begins to die.
You block the rat's attack.
Items here: ( )) †††.
You hit the rat.
You kill the rat!
The adder is struck by your spines. The adder barely misses you.
You hit the adder.
The adder is almost dead.
A nearby plant withers and dies.
You block the adder's attack.
You barely miss the adder.
The adder is almost dead.
The adder is struck by your spines. The adder bites you.
* * * LOW HITPOINT WARNING * * *
You are lethally poisoned!
The adder poisons you!
You barely miss the adder.
The adder is almost dead.
* * * LOW HITPOINT WARNING * * *
You feel sick. The adder is struck by your spines.
You kill the adder!
You have reached level 5!
There is a lethal amount of poison in your body!
It was a potion of might.
You feel very mighty all of a sudden.
* * * LOW HITPOINT WARNING * * *
You feel sick.
It was a potion of haste.
You feel yourself speed up.
You die...

####### ####..P..##
P ###≈≈...P.~~#....
#≈≈≈≈...h)†......
##≈≈≈...#~#....~~~
#≈≈≈≈.∩.#~#~..~.~.
#≈≈≈≈≈.∩.#~##...###
##≈≈≈....#†# ...~~
######P.#~# #..###
~PP#~# #.. #P##~#
.~. PP##~#


There were no monsters in sight!

Vanquished Creatures
  5 adders
  A river rat (Sewer)
  2 dart slugs
  2 worms
  2 orcs (D:3)
  An endoplasm (D:1)
  4 giant cockroaches
  9 hobgoblins
  8 jackals
  A quokka (D:1)
  8 ball pythons
  7 bats
  5 frilled lizards
  4 goblins
  8 kobolds
  10 rats
77 creatures vanquished.

Notes
Turn   | Place    | Note
-------+----------+-------------------------------------------
     0 | D:1      | Dordric the Demonspawn Shapeshifter began the quest for the
                  | Orb.
     0 | D:1      | Reached XP level 1. HP: 15/15 MP: 1/1
    56 | D:1      | Reached skill level 3 in Shapeshifting
   145 | D:1      | Gained mutation: You may rarely emit foul miasma when
                  | damaged in melee. [demonic ancestry]
   145 | D:1      | Reached XP level 2. HP: 20/21 MP: 2/2
   696 | D:1      | Gained mutation: You are partially covered in sharp spines.
                  | [demonic ancestry]
   696 | D:1      | Reached XP level 3. HP: 11/26 MP: 3/3
  1250 | D:2      | Reached skill level 4 in Shapeshifting
  1652 | D:3      | Gained mutation: You sometimes emit foul miasma when
                  | damaged in melee. [demonic ancestry]
  1652 | D:3      | Reached XP level 4. HP: 17/32 MP: 4/4
  1879 | D:3      | Found a glowing drain.
  1996 | Sewer    | Entered a sewer
  2043 | Sewer    | HP: 1/32 [poisoned by an adder]
  2044 | Sewer    | Reached XP level 5. HP: 2/37 MP: 5/5
  2045 | Sewer    | Succumbed to an adder's poison

Illustrated notes

Levels and vault maps discovered:
D:1:      amcnicky_arrival_feature_with_door, layout_loops_ring,
          nrook_mini_backslash
D:2:      layout_rooms, nicolae_concentric_dashed_squares_mild, minmay_distorted
D:3:      layout_basic, portal_sewer_entry_b
Sewer:    sewer_co_scattered_pipes

Skill      XL: |  1  2  3 |
---------------+----------+-----
Shapeshifting  | 3 4 |  4.9
Fighting       | |  1.0
Dodging        | |  1.7
Unarmed Combat | |  2.6

Action                     |  1- 3 |  4- 6 || total
---------------------------+-------+-------++-------
  Melee: Unarmed           |   120 |    55 ||   175
         Punch             |     3 |     2 ||     5
    Use: Scroll            |     2 |       ||     2
         Potion            |       |     2 ||     2
   Stab: Sleeping          |     1 |       ||     1
 Armour: Animal skin       |    66 |    23 ||    89
  Dodge: Dodged            |    61 |    25 ||    86
  Block: Other             |     9 |    11 ||    20

Table legend: (Time is in decaauts)
 A = Elapsed time spent in this place.
 B = Non-inter-level travel time spent in this place.
 C = Inter-level travel time spent in this place.
 D = Time resting spent in this place.
 E = Time spent auto-exploring this place.
 F = Levels seen in this place.
 G = Mean time per level.
                   A        B        C        D        E       F      G
               +--------+--------+--------+--------+--------+-----+--------+
         Total |   2033 |   1950 |     83 |    135 |   1406 |   4 |  508.2 |
       Dungeon |   1986 |   1903 |     83 |    135 |   1400 |   3 |  662.0 |
         Sewer |     47 |     47 |      0 |      0 |      6 |   1 |   47.0 |
               +--------+--------+--------+--------+--------+-----+--------+

Top non-repeatable levels by time:
     D:1: 937 daAuts
     D:2: 560 daAuts
     D:3: 489 daAuts
   Sewer: 47 daAuts
